 Dungeon Crawl Stone Soup version 0.18-a0-1747-g18c4181 (webtiles) character file.

12 andalon the Firebug (level 2, 0/15 HPs)
             Began as a Gargoyle Fire Elementalist on Apr 12, 2016.
             Slain by a giant newt (1 damage)
             ... on level 1 of the Dungeon.
             The game lasted 00:02:52 (296 turns).

andalon the Firebug (Gargoyle Fire Elementalist)     Turns: 296, Time: 00:02:53

Health: 0/15       AC:  4    Str: 11    XL:     2   Next: 33%
Magic:  0/5        EV: 12    Int: 15    God:
Gold:   14         SH:  0    Dex: 10    Spells: 1 memorised, 4 levels left

rFire  . . .     SeeInvis .     h - +0 club
rCold  . . .     Gourm    .     a - +0 robe
rNeg   + . .     Faith    .     (no shield)
rPois  ∞         Spirit   .     (no helmet)
rElec  +         Dismiss  .     (no cloak)
rCorr  .         Reflect  .     (no gloves)
SustAt .         Harm     .     (no boots)
MR     .....                    (no amulet)
Stlth  ++........               (no ring)
                                (no ring)

@: very slightly contaminated, not resistant to hostile enchantments, unstealthy
A: negative energy resistance 1, electricity resistance, unbreathing,
petrification resistance, rot immunity, AC +2
a: no special abilities


You were on level 1 of the Dungeon.
You were not hungry.

You visited 1 branch of the dungeon, and saw 1 of its levels.

You collected 14 gold pieces.

Inventory:

Hand Weapons
 h - a +0 club (weapon)
Missiles
 e - 4 stones (quivered)
 f - 6 poisoned javelins
Armour
 a - a +0 robe (worn)
Scrolls
 g - a scroll of magic mapping {unknown}
Books
 b - a book of Flames

   Spells                             Type                      Level
   a - Flame Tongue                   Conjuration/Fire             1
   b - Throw Flame                    Conjuration/Fire             2
   c - Conjure Flame                  Conjuration/Fire             3
   d - Inner Flame                    Hexes/Fire                   3
   e - Sticky Flame                   Conjuration/Fire             4
   f - Fireball                       Conjuration/Fire             5
Comestibles
 c - a bread ration
 d - a chunk of flesh


   Skills:
 * Level 0.2 Fighting
 + Level 1.7 Dodging
 + Level 2.1 Stealth
 + Level 2.1 Spellcasting
 + Level 1.1 Conjurations
 * Level 3.4 Fire Magic


You had 4 spell levels left.
You knew the following spells:

 Your Spells              Type           Power        Failure   Level  Hunger
a - Flame Tongue          Conj/Fire      #....        12%         1    #......


Dungeon Overview and Level Annotations

Branches:
Dungeon (1/15)

Altars:


Innate Abilities, Weirdness & Mutations

You are resistant to torment.
Your stone body is resilient (AC +2).
You are immune to poison.
You resist negative energy.
You are resistant to electric shocks.
You can survive without breathing.
You are immune to petrification.
You are immune to rotting.


Message History

Press: ? - help, Shift-Dir - straight line, f - giant newt
Aim: a giant newt You miscast Flame Tongue.
You are very lightly contaminated with residual magic.
Strange energies run through your body.
The jackal bites you but does no damage.
The giant newt barely misses you. The jackal bites you.
* * * LOW HITPOINT WARNING * * *
Some of the chunks of flesh in your inventory have rotted away.
Casting: Flame Tongue
Confirm with . or Enter, or press ? or * to list all spells.
Aiming: Flame Tongue
Press: ? - help, Shift-Dir - straight line, f/p - giant newt
Aim: a giant newt The flame tongue misses the giant newt.
The jackal bites you.
* * * LOW HITPOINT WARNING * * *
The giant newt closely misses you.
You miss the giant newt. The jackal closely misses you.
The giant newt bites you.
You die...

#.# ##.# #.# #..## #.#
#)÷.# #.# #...# #.#####
####...# #.#... .......#
##.#.## .......#####.....#
## .......'........@# ..#
.......#######.lh#####...#
.......# #...........%...#
....#..........#...)†...>#
....#..........#...$.....#
....#..........#####!...##
#####........... ....+
#.........## ....#
######+### #####


You could see a jackal and a giant newt.

Vanquished Creatures
  A giant gecko (D:1)
  3 hobgoblins (D:1)
  2 jackals (D:1)
  A bat (D:1)
  A giant newt (D:1)
  2 kobolds (D:1)
10 creatures vanquished.

Notes
Turn   | Place    | Note
--------------------------------------------------------------
     0 | D:1      | andalon the Gargoyle Fire Elementalist began the quest for the Orb.
     0 | D:1      | Reached XP level 1. HP: 10/10 MP: 3/3
   232 | D:1      | Reached XP level 2. HP: 13/15 MP: 1/5
   296 | D:1      | Slain by a giant newt

Vault maps used:
D:1:      saegor_arrival_simple_a

Action                   || total
-------------------------++-------
Melee: Unarmed           ||     8
       Club              ||     6
 Cast: Flame Tongue      ||    15
Armor: Robe              ||    12
Dodge: Dodged            ||    24
